Cogmind - Beta 15 @@@ ROGUE MODE // 2025.10.04 @ 14:46:22 Player: King Of Bel Result: Destroyed by Y-45 Defender with Beam Rifle Performance ------------- Evolutions (2) 1000 Regions Visited (6) 1200 Robots Destroyed (3) 15 Value Destroyed (84) 84 Prototype IDs (1) 20 Alien Tech Used (0) 0 Bonus (7) 7 TOTAL SCORE: 2326 Bonus ------- Follower Combat Kills 7 Cogmind --------- Core Integrity 0/550 Matter 208/300 Energy 100/100 System Corruption 0% Temperature Cool (18) Movement Core (100) Ox1 Location -8/Storage Parts ------- > --- POWER (1) -------- (None) > --- PROPULSION (5) --- (None) > --- UTILITY (3) ------ Small Storage Unit Structural Scanner Terrain Scan Processor > --- WEAPON (2) ------- (None) > --- INVENTORY (8) ---- Wheel Heat Sink Terrain Scan Processor Assault Rifle Peak State ------------ > --- POWER ------------ Ion Engine > --- PROPULSION ------- Improved Hover Unit Improved Hover Unit Improved VTOL Module > --- UTILITY ---------- Small Storage Unit System Shield > --- WEAPON ----------- Improved Datajack > --- INVENTORY -------- Wheel Heat Sink Terrain Scan Processor Assault Rifle [Rating: 16] Favorites ----------- Power Ion Engine Engine Ion Engine Propulsion Wheel Wheel Wheel Hover Unit Improved Hover Unit Flight Unit Flight Unit Utility Small Storage Unit Device Structural Scanner Storage Small Storage Unit Processor Terrain Scan Processor Hackware System Shield Weapon Light Assault Rifle Ballistic Gun Light Assault Rifle Special Weapon Mining Laser Special Melee Weapon Improved Datajack Build | -11 -10 -10 -9 -9 -8 -8 ------- Run | Yrd Mat Min Mat Min Mat Sto Slots Evolved 4 | . . . 2 . 2 . Power . | . . . . . . . Propulsion 3 | . . . 2 . 1 . Utility 1 | . . . . . 1 . Weapon . | . . . . . . . Parts Attached 20 | 6 1 . 5 1 5 2 Power 2 | 1 . . 1 . . . Engine 2 | 1 . . 1 . . . Core . | . . . . . . . Reactor . | . . . . . . . Propulsion 8 | 2 . . 3 . 3 . Treads . | . . . . . . . Leg . | . . . . . . . Wheel 2 | 2 . . . . . . Hover 2 | . . . . . 2 . Flight 4 | . . . 3 . 1 . Utility 6 | 1 1 . 1 . 1 2 Device 3 | . 1 . 1 . . 1 Storage 1 | 1 . . . . . . Processor 1 | . . . . . . 1 Hackware 1 | . . . . . 1 . Protection . | . . . . . . . Artifact . | . . . . . . . Weapon 4 | 2 . . . 1 1 . Energy Gun . | . . . . . . . Energy Cannon . | . . . . . . . Ballistic Gun 2 | 2 . . . . . . Ballistic Cannon . | . . . . . . . Launcher . | . . . . . . . Special Weapon 1 | . . . . 1 . . Impact Weapon . | . . . . . . . Slashing Weapon . | . . . . . . . Piercing Weapon . | . . . . . . . Special Melee Weapon 1 | . . . . . 1 . Unidentified Prototypes 1 | . . . . . 1 . Parts Lost 12 | . . . . . 8 4 Power 2 | . . . . . 2 . Propulsion 7 | . . . . . 4 3 Utility 1 | . . . . . 1 . Weapon 2 | . . . . . 1 1 Highest Loss Streak 8 | . . . . . 8 4 To Critical Strikes . | . . . . . . . Average Backups 5 | 2 4 6 7 7 6 4 Power . | . 1 1 1 1 . . Propulsion 2 | 1 2 2 3 3 2 1 Utility 1 | . . 2 2 2 2 2 Weapon . | . 1 1 1 1 1 1 Tool/Special . | . . . . . . . Unused Backups 5 | . . . . . 2 3 Power . | . . . . . . . Propulsion 2 | . . . . . 2 . Utility 2 | . . . . . . 2 Weapon 1 | . . . . . . 1 Tool/Special . | . . . . . . . Average Slot Usage (%) 79 | . 98 100 80 86 70 47 Engine 9 | . 14 14 11 11 6 . Wheel 14 | . 28 28 16 11 7 . Hover 1 | . . . . . 1 10 Flight 15 | . . . 20 33 23 7 Device 9 | . 12 14 11 11 5 6 Storage 11 | . 14 14 11 11 9 9 Hackware 2 | . . . . . 8 1 Ballistic Gun 10 | . 28 28 11 . . . Special Weapon 2 | . . . . 9 5 . Special Melee Weapon 1 | . . . . . 3 6 Peak Build Rating 16 | 6 7 7 9 8 16 15 Average Rating 8 | 4 6 7 7 7 12 12 On Entrance 7 | . 6 7 7 7 8 15 Naked Turns . | . . . . . . . Heaviest Build 13 | 12 13 13 13 11 11 7 Greatest Support 20 | 20 20 20 20 12 14 14 Greatest Overweight (x) 2 | . . . . . 1 2 Average Overweight (x) . | . . . . . . . Largest Inventory Capacity 8 | 8 8 8 8 8 8 8 Average Capacity 7 | 7 8 8 8 8 8 8 Most Carried 8 | 4 6 8 8 8 7 4 Average Carried 5 | 2 4 6 7 7 6 4 Final Capacity 8 | 8 8 8 8 8 8 8 Final Carried 8 | 4 6 8 7 7 4 4 Class Distribution -------------------- 100% | Mutant Dominant Class ---------------- Mutant | -10/Materials Mutant | -10/Mines Mutant | -9/Materials Mutant | -9/Mines Mutant | -8/Materials Mutant | -8/Storage Resources | -11 -10 -10 -9 -9 -8 -8 ----------- Run | Yrd Mat Min Mat Min Mat Sto Matter Collected 296 | 182 94 20 . . . . Remotely . | . . . . . . . Salvage Created 118 | . 118 . . . . . Parts 8 | . 8 . . . . . Haulers Intercepted . | . . . . . . . Recyclers Shooed . | . . . . . . . Parts Field Recycled . | . . . . . . . Retrieved Matter . | . . . . . . . Parts Self-Destructed . | . . . . . . . Prevented . | . . . . . . . Kills | -11 -10 -10 -9 -9 -8 -8 ------- Run | Yrd Mat Min Mat Min Mat Sto Combat Hostiles Destroyed 2 | . 2 . . . . . Guns 2 | . 2 . . . . . Classes Destroyed 2 | . 2 . . . . . Watcher 1 | . 1 . . . . . Grunt 2 | . 2 . . . . . Best Kill Streak 2 | . 2 . . . . . Combat Bots Only 2 | . 2 . . . . . Max Kills in Single Turn 1 | . 1 . . . . . Gunslinging . | . . . . . . . Exploded . | . . . . . . . Melee . | . . . . . . . Uniques/NPCs Destroyed . | . . . . . . . Combat | -11 -10 -10 -9 -9 -8 -8 -------- Run | Yrd Mat Min Mat Min Mat Sto Hostile Shots Fired 173 | . 19 12 11 2 84 45 Missed 61 | . 4 4 8 2 29 14 Hits 112 | . 15 8 3 . 55 31 Projectile 112 | . 15 8 3 . 55 31 Critical Strikes 1 | . . . . . 1 . Damage Taken 1333 | . 170 67 33 . 619 444 Core 629 | . 43 17 12 . 235 322 Absorbed by Shields . | . . . . . . . Core Remaining (%) 91 | 100 . 76 . 97 . . Volleys Fired 16 | . 12 4 . . . . Largest 2 | . 2 2 . . . . Hottest 40 | . 40 40 . . . . Shots Fired 32 | . 24 8 . . . . Gun 32 | . 24 8 . . . . Cannon . | . . . . . . . Launcher . | . . . . . . . Special . | . . . . . . . Kinetic 32 | . 24 8 . . . . Thermal . | . . . . . . . Explosive . | . . . . . . . Electromagnetic . | . . . . . . . Robot Hit Streak 10 | . 10 1 . . . . Robot Miss Streak 3 | . 1 3 . . . . Penetration Max . | . . . . . . . Secondary Targets . | . . . . . . . Shots Hit Robots 23 | . 19 2 . . 1 1 Core Hits 7 | . 6 1 . . . . Critical Kills . | . . . . . . . Critical Parts Destroyed . | . . . . . . . Critical Strikes . | . . . . . . . Melee Attacks 6 | . . . . . 4 2 Impact . | . . . . . . . Slashing . | . . . . . . . Piercing . | . . . . . . . Sneak Attacks . | . . . . . . . Combat Hostiles . | . . . . . . . Follow-up Attacks . | . . . . . . . Damage Inflicted 179 | . 157 22 . . . . Guns 170 | . 157 13 . . . . Cannons . | . . . . . . . Explosions . | . . . . . . . Melee . | . . . . . . . Ramming 9 | . . 9 . . . . Kinetic 170 | . 157 13 . . . . Thermal . | . . . . . . . Explosive . | . . . . . . . Electromagnetic . | . . . . . . . Impact . | . . . . . . . Slashing . | . . . . . . . Piercing . | . . . . . . . Highest Corruption . | . . . . . . . Average Corruption . | . . . . . . . Corruption Purged . | . . . . . . . Corruption Blocked . | . . . . . . . Overload Shots . | . . . . . . . Overflow Damage . | . . . . . . . Projectiles . | . . . . . . . Explosions . | . . . . . . . Melee . | . . . . . . . Knockbacks . | . . . . . . . Impact . | . . . . . . . Kinetic . | . . . . . . . Secondary . | . . . . . . . Self-Inflicted Damage 4 | . . 4 . . . . Shots . | . . . . . . . Rammed 1 | . . 1 . . . . Targets Rammed 1 | . . 1 . . . . Kicked . | . . . . . . . Crushed . | . . . . . . . Highest Temperature 341 | . 18 . . . 341 . Average Temperature 83 | . 8 . . . 157 . Received Heat Transfer 396 | . 96 . 12 . 153 135 Siege Activations . | . . . . . . . Martial Activations . | . . . . . . . Shielding Activations . | . . . . . . . Robots Disrupted . | . . . . . . . Combat Hostiles . | . . . . . . . Robots Corrupted . | . . . . . . . Combat Hostiles . | . . . . . . . Parts Fried . | . . . . . . . Impact Corruptions . | . . . . . . . Robots Melted . | . . . . . . . Combat Hostiles . | . . . . . . . Parts Melted . | . . . . . . . Heat Transferred . | . . . . . . . Parts Sabotaged . | . . . . . . . Parts Stolen . | . . . . . . . Parts Stripped . | . . . . . . . Power Chain Reactions . | . . . . . . . Alert | -11 -10 -10 -9 -9 -8 -8 ------- Run | Yrd Mat Min Mat Min Mat Sto Maximum Alert Level . | . . . . . . . Low Security (%) 100 | 100 100 100 100 100 100 100 Level 1 . | . . . . . . . Level 2 . | . . . . . . . Level 3 . | . . . . . . . Level 4 . | . . . . . . . Level 5 . | . . . . . . . High Security . | . . . . . . . Max Security . | . . . . . . . Peak Influence 50 | . 50 27 13 . 15 1 Initial 15 | . . 15 6 . . 1 Average 5 | . 14 18 2 . 3 . Influence Increases 132 | . 65 22 7 . 38 . Destroy 0b10 Robot/C 60 | . 40 20 . . . . Destroy 0b10 Robot/NC 5 | . 5 . . . . . Destroy Leader 12 | . 12 . . . . . Allied During Kill 2 | . . 2 . . . . Successful Hack 23 | . 8 . 7 . 8 . Partial Spotted 15 | . . . . . 15 . Lose Combat Pursuer 15 | . . . . . 15 . Influence Decreases 132 | . 25 45 24 . 33 5 Entered New Map 40 | . . 25 11 . . 4 Time Decay 79 | . 25 20 13 . 20 1 Lost Part 13 | . . . . . 13 . Squads Dispatched 1 | . 1 . . . . . Investigation 1 | . 1 . . . . . Extermination . | . . . . . . . Reinforcement . | . . . . . . . Assault . | . . . . . . . Garrison . | . . . . . . . Intercept . | . . . . . . . Searches Triggered . | . . . . . . . Construction Impeded . | . . . . . . . Haulers Reinforced . | . . . . . . . Active Scanning Responses . | . . . . . . . Cargo Convoy Interrupts . | . . . . . . . Stealth | -11 -10 -10 -9 -9 -8 -8 --------- Run | Yrd Mat Min Mat Min Mat Sto Distress Signals 5 | . 1 . . . 3 1 Communications Jammed . | . . . . . . . Distress Signals . | . . . . . . . Times Spotted 44 | . 5 3 11 6 14 5 Peak Tracking Total 12 | . 3 3 8 12 12 5 Tactical Retreats 5 | . . . 2 1 2 . Traps | -11 -10 -10 -9 -9 -8 -8 ------- Run | Yrd Mat Min Mat Min Mat Sto Traps Triggered . | . . . . . . . Indirectly . | . . . . . . . Trap Hack Attempts . | . . . . . . . Triggered . | . . . . . . . Disarmed . | . . . . . . . Reprogrammed . | . . . . . . . Reused . | . . . . . . . Traps Extracted . | . . . . . . . Installed . | . . . . . . . Triggered . | . . . . . . . Machines | -11 -10 -10 -9 -9 -8 -8 ---------- Run | Yrd Mat Min Mat Min Mat Sto Machines Disabled . | . . . . . . . Max in Single Turn . | . . . . . . . Machines Repaired . | . . . . . . . Machines Dismantled . | . . . . . . . Machines Sabotaged . | . . . . . . . Overloaded Fab Kills . | . . . . . . . Hacking | -11 -10 -10 -9 -9 -8 -8 --------- Run | Yrd Mat Min Mat Min Mat Sto Machines Accessed 4 | . 2 . 1 . 1 . Terminals 4 | . 2 . 1 . 1 . Fabricators . | . . . . . . . Repair Stations . | . . . . . . . Recycling Units . | . . . . . . . Scanalyzers . | . . . . . . . Garrison Access . | . . . . . . . Total Hacks 8 | . 4 . 2 . 2 . Successful 4 | . 1 . 2 . 1 . Failed 4 | . 3 . . . 1 . Catastrophic . | . . . . . . . Database Lockouts . | . . . . . . . Manual 7 | . 4 . 1 . 2 . Terminals 8 | . 4 . 2 . 2 . Fabricators . | . . . . . . . Repair Stations . | . . . . . . . Recycling Units . | . . . . . . . Scanalyzers . | . . . . . . . Garrison Access . | . . . . . . . Terminal Hacks 4 | . 1 . 2 . 1 . Record 1 | . . . 1 . . . Branch Access Points 3 | . 1 . 1 . 1 . Fabricator Hacks . | . . . . . . . Repair Station Hacks . | . . . . . . . Recycling Unit Hacks . | . . . . . . . Scanalyzer . | . . . . . . . Garrison Access Hacks . | . . . . . . . Unauthorized Hacks . | . . . . . . . Terminals . | . . . . . . . Fabricators . | . . . . . . . Repair Stations . | . . . . . . . Recycling Units . | . . . . . . . Scanalyzers . | . . . . . . . Garrison Access . | . . . . . . . Data Cores Recovered . | . . . . . . . Used . | . . . . . . . Hacking Detections 1 | . 1 . . . . . Full Trace Events 1 | . 1 . . . . . Feedback Events . | . . . . . . . Feedback Blocked . | . . . . . . . Robot Schematics Acquired . | . . . . . . . Robots Built . | . . . . . . . Authchips . | . . . . . . . Time . | . . . . . . . Total Robot Build Rating . | . . . . . . . Part Schematics Acquired . | . . . . . . . Parts Built . | . . . . . . . Authchips . | . . . . . . . Time . | . . . . . . . Total Part Build Rating . | . . . . . . . Parts Repaired . | . . . . . . . Time . | . . . . . . . Parts Recycled . | . . . . . . . Recycled Matter . | . . . . . . . Retrieved Matter . | . . . . . . . Retrieved Components . | . . . . . . . Parts Scanalyzed . | . . . . . . . Part Schematics Acquired . | . . . . . . . Parts Damaged . | . . . . . . . Bothacking | -11 -10 -10 -9 -9 -8 -8 ------------ Run | Yrd Mat Min Mat Min Mat Sto Used RIF Installer . | . . . . . . . Robots Hacked 1 | . . . . . 1 . Non-combat . | . . . . . . . Combat 1 | . . . . . 1 . Robot Hacks Applied 1 | . . . . . 1 . parse_system 1 | . . . . . 1 . Relay Couplers Released . | . . . . . . . Fabnet Peak Effective % . | . . . . . . . Robots Rewired . | . . . . . . . Allies Hacked . | . . . . . . . Hacks Repelled . | . . . . . . . Allies | -11 -10 -10 -9 -9 -8 -8 -------- Run | Yrd Mat Min Mat Min Mat Sto Total Allies 3 | . . 2 . 1 . . Largest Group 2 | . . 2 . 1 . . Highest-Rated Group 49 | . . 49 . 31 . . Highest-Rated Ally 31 | . . 31 . 31 . . Total Orders . | . . . . . . . Ally Attacks 7 | . . 1 . 6 . . Total Damage 63 | . . 21 . 42 . . Kills 1 | . . 1 . . . . Allies Corrupted . | . . . . . . . Allies Melted . | . . . . . . . Intel | -11 -10 -10 -9 -9 -8 -8 ------- Run | Yrd Mat Min Mat Min Mat Sto Active Infowar (turns) 411 | . 81 46 106 49 78 51 Structural 253 | . 81 46 75 . . 51 ECM 158 | . . . 31 49 78 . Robot Analysis Total . | . . . . . . . Derelict Logs Recovered . | . . . . . . . Drone Launches . | . . . . . . . Drone Recoveries . | . . . . . . . Exploration | -11 -10 -10 -9 -9 -8 -8 ------------- Run | Yrd Mat Min Mat Min Mat Sto Turns Passed 530 | 49 90 46 106 49 132 58 Spaces Moved 796 | 46 69 41 189 118 260 73 Core 20 | 1 . . . . 1 18 Treads . | . . . . . . . Legs . | . . . . . . . Wheels 206 | 45 69 41 51 . . . Hover 75 | . . . . . 20 55 Flight 495 | . . . 138 118 239 . Fastest Speed 39 | 50 80 80 39 39 39 56 Average Speed 54 | 79 80 80 50 39 45 70 Slowest Speed 150 | 80 80 80 80 39 125 150 Overloaded Moves . | . . . . . . . Propulsion Burnouts . | . . . . . . . Robots Hopped . | . . . . . . . Potential Cave-ins . | . . . . . . . Cave-ins Triggered . | . . . . . . . Exploration Rate (%) 23 | 4 14 14 31 49 35 19 Regions Visited 6 Branch Regions 3 Pre-discovered Areas . | . . . . . . . Known Exits Taken 3 | . 1 . 1 . 1 . Unknown Exits Taken 3 | 1 . 1 . 1 . . Scrap Searched . | . . . . . . . Spaces Dug . | . . . . . . . Terrain Destroyed . | . . . . . . . Melee . | . . . . . . . Projectile . | . . . . . . . AOE . | . . . . . . . Terrain Rammed . | . . . . . . . Walls Destroyed . | . . . . . . . Machines Disabled . | . . . . . . . Actions | -11 -10 -10 -9 -9 -8 -8 --------- Run | Yrd Mat Min Mat Min Mat Sto Total 856 | 55 83 47 199 120 273 79 Wait 2 | . . . . 1 . 1 Move 790 | 45 68 40 188 117 259 73 Hop . | . . . . . . . Pick Up 13 | 4 2 2 2 1 2 . Fast Attach 12 | 6 1 . . . 3 2 Attach 7 | . . . 3 1 3 . Detach 1 | . . . . . . 1 Swap 3 | . . . 3 . . . Drop 5 | . . . 3 . 2 . Fire 16 | . 12 4 . . . . Melee 6 | . . . . . 4 2 Ram 1 | . . 1 . . . . Kick . | . . . . . . . Crush . | . . . . . . . Escape Stasis . | . . . . . . . Rewire . | . . . . . . . Trap . | . . . . . . . Miscellaneous . | . . . . . . . Route ------- -11/Scrapyard -10/Materials (discovered 2 exits: *Min x2) -10/Mines -9/Materials (discovered 2 exits: *Min x2) -9/Mines -8/Materials (discovered 2 exits: [*Fac] / *Sto) -8/Storage History --------- Turn | Location | Event 2 | -11/Scrapyard | Met Revision 17 14 | -11/Scrapyard | Discovered new exit (range 15) 50 | -11/Scrapyard | Entered Materials 77 | -10/Materials | Identified exit to Mines 140 | -10/Materials | Entered Mines 177 | -10/Mines | Discovered new exit (range 12) 186 | -10/Mines | Entered Materials 186 | -9/Materials | Evolved 2 slots: Propulsion x2 196 | -9/Materials | Identified exit to Mines 292 | -9/Materials | Entered Mines 295 | -9/Mines | Received a Mining Laser from a helpful Derelict 318 | -9/Mines | Build established: Mutant 321 | -9/Mines | Assembled infested the area 326 | -9/Mines | Assisted by a Guerilla fighting off Assembled 337 | -9/Mines | Discovered new exit (range 10) 341 | -9/Mines | Entered Materials 341 | -8/Materials | Evolved 2 slots: Propulsion x1, Utility x1 390 | -8/Materials | Identified exit to Storage 472 | -8/Materials | Discovered new exit (range 8) 473 | -8/Materials | Entered Storage 498 | -8/Storage | Lost 8 parts (2p4n1u1w) 515 | -8/Storage | Core integrity fell below 50% 526 | -8/Storage | Core integrity fell below 20% 531 | -8/Storage | Destroyed by Y-45 Defender with Beam Rifle Last Messages --------------- 00436_ Acquired Prototype Flight Unit. 00436_ Identified Imp. VTOL Module. 00436_ Faulty integration triggers heat surge (+366). 00441_ Flight Unit destroyed. 00450_ S-10 Pest destroyed. 00457_ Wheel destroyed. 00458_ A-02 Transporter destroyed. 00459_ Flight Unit destroyed. 00467_ Ion Engine destroyed. 00472_ EXIT=FOUND LOCATION=STORAGE GOAL=ESCAPE 00477_ Discarded System Shield. 00480_ Acquired Structural Scanner. 00482_ Acquired Terrain Scan Processor. 00502_ W-25 Informer sends out distress signal. 00506_ Jacked Y-45 Defender... 00508_ Imp. Hover Unit destroyed. 00517_ Imp. Datajack destroyed. 00528_ Faulty Imp. VTOL Module destroyed. Map ----- +----------------------------------------------------+ | ?????????????????????????????????????????????????? | | ?????????????????????????????????????????????????? | | ?????????????????????????????????????????????????? | | ?????????????????????????????????????????????????? | | ?????????????????????????????????????????????????? | | ?????????????????????????????????????????????????? | | ?????????????????????????????????????????????????? | | ????????????## ????????????????????????????????? | | ????????????## ????????????????????????????????? | | ???????? ## ????????????????????????????????? | | ???????? ## ##??????????????????????????????? | | ????????+# # # ??????????????????????????????? | | ???????? + # + ??????????????????????????????? | | ???????? # # # ??????????????????????????????? | | ?????????## ##??????????????????????????????? | | ???????? ## T#??????????????????????????????? | | ???????? ## ###########?????????????????????? | | ???????? + ###########?????????????????????? | | ???????? ## #### ##?????????????????????? | | ?????????## #### ##?????????????????????? | | #????????## #### """ ##?????????????????????? | | #????????## + """ #######????????????????? | | ?#######?## #### """ ####### ??????????????? | | ?#######?## #### """k# ####??????????????? | | ?##"""##?######+##### """ + ??????????????? | | ###"R"###### # Y Y@# ??????????????????? | | ###" "###### """" # Y # ?????????????????????? | | #### "??"" # ##?????????????????????? | | #### "???"" # ##?????????????????????? | | ! #### ""???" # Y ##?????????????????????? | | ! #### ""??" # ######?????????????????????? | | + + """" ###### ?????????????????????? | | """"" #### ####?????????????????????????? | | """"" #### ##???????????????????????????? | | """"" ##############???????????????????????????? | | ##############???????????????????????????? | | ##########???????????????????????????????????????? | | ##########???????????????????????????????????????? | | ?????????????????????????????????????????????????? | | ?????????????????????????????????????????????????? | | ?????????????????????????????????????????????????? | | ?????????????????????????????????????????????????? | | | | | | | | | | | | | | | | | +----------------------------------------------------+ Best States ------------- Heat Dissipation 31 Energy Generation 10 Energy Capacity 250 Matter Stores 298 Matter Capacity 300 Sight Range 16 Terrain Scan Density 85 ECM Strength 1 Evasion (%) 62 Defensive Hacking 10 Item Schematics ----------------- None Robot Schematics ------------------ None Fabricated ------------ Nothing Repaired ---------- Nothing Alien Tech Used ----------------- None Achievements -------------- None Challenges ------------ None Game ------ Seed ChromaticImprinterShovel Manual? 0 Play Time 00:13:48 Cumulative 9.4 hours Start 2025.10.04 @ 14:14:31 End 2025.10.04 @ 14:46:22 Sessions 1 Manual Loads 0 Difficulty Rogue Special Mode None Game No. 28 Rogue 24 Adventurer 4 Explorer 0 Win Type - Total 0 Types 0/0/0/0/0/0/0/0/0/0 Lore% 11 Gallery% 16 Achievement% 18 Wizard Run 0 Options --------- Layout 0 ASCII 0 Keyboard 0 Movement Numpad Keybinds 0 Fullscreen 2 Font 36/Smallcaps Map View 76x50 Zoom Use 0% Tactical HUD 1 Map Filters NONE Filters NONE Steam 1 RUN: fb9377a8-68c7-4745-97be-68628b07a04d